 Dungeon Crawl Stone Soup version 0.25.1-2-g60ff931df9 (webtiles) character file.

Game seed: 1168014895183855843

1175 nicanaca0 the Basher (level 8, -1/46 HPs)
             Began as a Gargoyle Fighter on Sept 29, 2020.
             Killed by divine providence
             ... invoked by an orc priest
              (8 damage)
             ... on level 6 of the Dungeon.
             The game lasted 00:10:36 (5880 turns).

nicanaca0 the Basher (Gargoyle Fighter)             Turns: 5880, Time: 00:10:36

Health: -1/46      AC: 14    Str: 22    XL:     8   Next: 41%
Magic:  8/8        EV:  7    Int:  9    God:
Gold:   250        SH:  9    Dex:  9    Spells: 7/7 levels left

rFire    + . .     SeeInvis +   a - +0 flail
rCold    . . .     Gourm    .   c - +0 kite shield
rNeg     + . .     Faith    +   b - +0 scale mail
rPois    ∞         Spirit   .   (no helmet)
rElec    +         Reflect  .   (no cloak)
rCorr    .         Harm     .   q - +0 pair of gloves
MR       .....                  B - +0 pair of boots
Stlth    ..........             y - amulet of Suspected Treachery {Faith +Blink rElec}
HPRegen  0.15/turn              w - ring of see invisible
MPRegen  0.11/turn              o - ring of protection from fire

@: no status effects
A: negative energy resistance 1, electricity resistance, unbreathing,
petrification resistance, rot immunity, AC +5
a: Evoke Blink


You were on level 6 of the Dungeon.
You were hungry.

You visited 1 branch of the dungeon, and saw 6 of its levels.

You collected 250 gold pieces.

Inventory:

Hand Weapons
 a - a +0 flail (weapon)
 n - a +0 whip
 s - a +0 mace
Armour
 b - a +0 scale mail (worn)
 c - a +0 kite shield (worn)
 q - a +0 pair of gloves (worn)
 B - a +0 pair of boots (worn)
Jewellery
 i - an uncursed ring of stealth
 o - a ring of protection from fire (right hand)
 w - a ring of see invisible (left hand)
 y - the amulet of Suspected Treachery (around neck) {Faith +Blink rElec}
   (You found it on level 4 of the Dungeon)

   [amulet of faith]

   It allows you to gain divine favour quickly.
   It insulates you from electricity.
   It lets you blink.
Scrolls
 e - 4 scrolls of random uselessness {unknown}
 g - a scroll of fear {unknown}
 h - 2 scrolls of enchant weapon {unknown}
 j - 4 scrolls of remove curse
 k - 9 scrolls of identify {unknown}
 p - 2 scrolls of enchant armour {unknown}
 v - a scroll of amnesia {unknown}
 C - 3 scrolls of magic mapping {unknown}
Potions
 d - a potion of might
 l - 3 potions of haste {unknown}
 m - 3 potions of resistance {unknown}
 r - a potion of curing {unknown}
 t - 2 potions of stabbing {unknown}
 u - 2 potions of heal wounds {unknown}
 x - a potion of magic {unknown}
 z - a potion of degeneration {unknown}
 A - a potion of experience {unknown}
Comestibles
 f - 11 rations


   Skills:
 + Level 3.4 Fighting
 + Level 9.8 Maces & Flails
 + Level 3.5 Armour
 + Level 3.4 Shields


You had 7 spell levels left.
You didn't know any spells.
Your spell library was empty.

Dungeon Overview and Level Annotations

Branches:
Dungeon (6/15)
 Temple: D:4-7

Altars:
Qazlal

Shops:
D:5 }


Innate Abilities, Weirdness & Mutations

You are resistant to torment.
Your stone body is resilient. (AC +5)
You are immune to poison.
You resist negative energy. (rN+)
You are resistant to electric shocks. (rElec)
You can survive without breathing.
You are immune to petrification.
You are immune to rotting.


Message History

You block the orc's attack. You block the orc priest's attack.
The orc priest closely misses you. The orc closely misses you.
You see here a bullfrog corpse.
You sock the orc priest!
The orc priest is severely wounded.
The orc priest hits you but does no damage. x2
The orc hits you but does no damage.
You barely miss the orc priest.
The orc priest is severely wounded.
The orc priest hits you but does no damage.
The orc priest hits you.
* * * LOW HITPOINT WARNING * * *
The orc hits you but does no damage.
You sock the orc priest!
You kill the orc priest!
You block the orc priest's attack. The orc hits you but does no damage.
The orc priest invokes the aid of Beogh against you.
Beogh smites you!
You die...

# #. ### ###.## ##.######
.#.....##...##..# ###
.......#.....o@.# ##.###
#......###†o###....#
#.....####....#....#
#........#..........###
....>......#............#
.....oo....###.....###...#
............#......# ....#
.......##...##....##
....## .o.....
##...###..#....###


You could see an orc priest and an orc.

Vanquished Creatures
  A water moccasin (D:4)
  4 ogres
  A bullfrog (D:6)
  A crimson imp (D:5)
  A bullfrog skeleton (D:5)
  3 hounds
  3 orc wizards
  3 orc priests
  Jessica (D:2)
  Natasha (twice) (D:2)
  2 worker ants (D:5)
  An iguana (D:4)
  A hound zombie (D:5)
  A worker ant zombie (D:5)
  5 adders
  6 worms
  3 dart slugs
  2 leopard geckos (D:1)
  19 orcs
  2 ball pythons
  5 giant cockroaches
  6 goblins
  8 hobgoblins
  12 jackals
  3 bats
  10 frilled lizards
  9 kobolds
  A leopard gecko skeleton (D:5)
  13 rats
129 creatures vanquished.

Notes
Turn   | Place    | Note
-------+----------+-------------------------------------------
     0 | D:1      | nicanaca0 the Gargoyle Fighter began the quest for the Orb.
     0 | D:1      | Reached XP level 1. HP: 14/14 MP: 1/1
   163 | D:1      | Reached XP level 2. HP: 19/19 MP: 2/2
   306 | D:1      | Reached skill level 3 in Maces & Flails
   469 | D:1      | Reached XP level 3. HP: 14/23 MP: 3/3
  1287 | D:2      | Reached skill level 4 in Maces & Flails
  1349 | D:2      | Noticed Jessica
  1358 | D:2      | Killed Jessica
  1358 | D:2      | Reached XP level 4. HP: 14/28 MP: 4/4
  2035 | D:3      | Noticed Natasha
  2049 | D:2      | Killed Natasha
  2049 | D:2      | Reached skill level 5 in Maces & Flails
  2049 | D:2      | Reached XP level 5. HP: 11/32 MP: 5/5
  2096 | D:2      | Noticed Natasha
  2486 | D:2      | Killed Natasha
  2842 | D:3      | Reached skill level 6 in Maces & Flails
  2850 | D:3      | Reached XP level 6. HP: 31/37 MP: 6/6
  3467 | D:4      | Noticed a water moccasin
  3490 | D:4      | Killed a water moccasin
  3731 | D:4      | Found a stormy altar of Qazlal.
  3763 | D:4      | Reached skill level 7 in Maces & Flails
  3763 | D:4      | Reached XP level 7. HP: 36/41 MP: 7/7
  3772 | D:4      | Got a warped sapphire amulet
  3775 | D:4      | Identified the amulet of Suspected Treachery {Faith +Blink
                  | rElec} (You found it on level 4 of the Dungeon)
  4296 | D:4      | Reached skill level 8 in Maces & Flails
  4713 | D:5      | Entered Level 5 of the Dungeon
  4942 | D:5      | Reached skill level 9 in Maces & Flails
  4942 | D:5      | Reached XP level 8. HP: 13/46 MP: 8/8
  5715 | D:5      | Found Saudof's Gadget Emporium.
  5880 | D:6      | Killed from afar by an orc priest

Illustrated notes

Levels and vault maps discovered:
D:1:      matt_arrival_diagonals, layout_loops_ring
D:2:      layout_basic, minmay_tetromino_l2, uniq_jessica
D:3:      layout_rooms, minmay_puff, uniq_natasha
D:4:      layout_basic, grunt_qazlal_clouds
D:5:      layout_rooms, first_ration, serial_shops, kennysheep_mini, hex_tiny
D:6:      layout_cave_pools

Skill      XL: |  1  2  3  4  5  6  7 |
---------------+----------------------+-----
Maces & Flails | 3 4 5 6 7 9 |  9.8
Fighting       | |  3.4
Armour         | |  3.5
Shields        | |  3.4

Action                   |  1- 3 |  4- 6 |  7- 9 || total
-------------------------+-------+-------+-------++-------
Melee: Flail             |   156 |   238 |   175 ||   569
  Use: Potion            |       |     1 |       ||     1
       Scroll            |       |       |     1 ||     1
  Eat: Chunk             |     2 |     7 |     7 ||    16
Armor: Scale mail        |    79 |   128 |    74 ||   281
Dodge: Dodged            |    56 |    71 |    47 ||   174
Block: Kite shield       |    77 |   107 |    80 ||   264
